 Dungeon Crawl Stone Soup version 0.32-a0-656-g3542139ebd (webtiles) character file.

Game seed: 9319304285631974364

75 ragingrage the Sneak (level 4, 0/27 HPs)
             Began as a Deep Elf Delver on Mar 9, 2024.
             Slain by a water moccasin (7 damage)
             ... on level 5 of the Dungeon.
             The game lasted 00:00:30 (188 turns).

ragingrage the Sneak (Deep Elf Delver)               Turns: 188, Time: 00:00:30

Health: 0/27       AC:  3    Str:  9    XL:     4   Next: 11%
Magic:  6/6        EV: 12    Int: 15    God:
Gold:   21         SH:  0    Dex: 18    Spells: 3/3 levels left

rFire   . . .        a - +0 short sword
rCold   . . .        (no shield)
rNeg    . . .        b - +0 leather armour
rPois   .            (no helmet)
rElec   .            (no cloak)
rCorr   .            (no gloves)
SInv    .            (no boots)
Will    .....        (no amulet)
Stlth   +++          (no ring)
HPRegen 0.24/turn    (no ring)
MPRegen 0.10/turn

%: no passive effects
@: lethally poisoned (0 -> -14), hasted, very quick
A: no striking features
a: no special abilities


You were on level 5 of the Dungeon.
You visited 1 branch of the dungeon, and saw 2 of its levels.

You collected 21 gold pieces.

Inventory:

Hand Weapons
 a - a +0 short sword (weapon)
Armour
 b - a +0 leather armour (worn)
Magical Staves
 h - a staff of alchemy
Wands
 g - a wand of digging (3)
Scrolls
 c - a scroll of fog
 d - a scroll of revelation
 e - a scroll of fear


   Skills:
 - Level 2.4 Fighting
 + Level 4.4 Short Blades
 - Level 2.4 Dodging
 - Level 6.0 Stealth


You had 3 spell levels left.
You didn't know any spells.
Your spell library was empty.

Dungeon Overview and Level Annotations

Branches:
Dungeon (5/15)
 Temple: D:4-7

Altars:


Message History

You see here a +0 short sword.
No target in view!
No target in view!
As you open the door, it creaks loudly!
An endoplasm comes into view.
You hear a shout! x2
An endoplasm is nearby!
You hit the endoplasm. The endoplasm freezes you.
You are frozen.
You hit the endoplasm.
You kill the endoplasm!
Found a quarterstaff.
Found an escape hatch in the floor.
There is an open door here.
No target in view!
No target in view!
A hobgoblin and an ogre come into view.
The hobgoblin shouts!
The ogre shouts!
There is an escape hatch in the floor here.
The hobgoblin closely misses you.
You slide downwards.
The hatch slams shut behind you.
Found a stone staircase leading up.
Unknown command.
The helpless water moccasin fails to defend itself.
You impale the water moccasin!! The water moccasin bites you.
The hobgoblin hits you.
You hit the water moccasin but do no damage.
The water moccasin bites you.
You hit the water moccasin but do no damage.
The water moccasin barely misses you. The hobgoblin misses you.
You hit the water moccasin but do no damage.
The water moccasin bites you. The hobgoblin barely misses you.
The water moccasin bites you.
You are lethally poisoned!
The water moccasin poisons you!
You feel yourself speed up.
* * * LOW HITPOINT WARNING * * *
You feel very sick. The water moccasin bites you!
You die...

#.##.# .... #
#<#... ....
#.##.#..# .....
#.......##.....
............#
#........###
### ##
#..g........
#.. ..#
#...@....# #.#
#.#
#..#.S......
##(###.# #.
####..#..
#....#.# # .#
####..#.#.# #
........#.####
#.###...<....##
#.#
####.#.....#
##.##
#..........#
#...#


You could see a water moccasin and a hobgoblin.

Vanquished Creatures
  A phantom (D:5)
  An endoplasm (D:4)
  A kobold (D:4)
3 creatures vanquished.

Notes
Turn   | Place    | Note
-------+----------+-------------------------------------------
     0 | D:5      | ragingrage the Deep Elf Delver began the quest for the Orb.
     0 | D:5      | Reached XP level 1. HP: 13/13 MP: 3/3
    31 | D:5      | Noticed a phantom
    39 | D:5      | Killed a phantom
    40 | D:5      | Reached XP level 2. HP: 12/18 MP: 4/4
    40 | D:5      | Reached XP level 3. HP: 14/22 MP: 5/5
    40 | D:5      | Reached XP level 4. HP: 18/27 MP: 6/6
   170 | D:4      | Noticed an ogre
   183 | D:5      | Noticed a water moccasin
   188 | D:5      | Slain by a water moccasin

Illustrated notes

Levels and vault maps discovered:
D:4:      layout_basic, minmay_temple_entry_gardened_gates,
          nicolae_take_the_stairs, uniq_eustachio
D:5:      layout_loops_cross, minmay_misc_feat_rows,
          serial_library_hellmonk_angled_corner

Skill      XL: |  1 |
---------------+----+-----
Short Blades   | 4 |  4.4
Fighting       | |  2.4
Dodging        | |  2.4
Stealth        | |  6.0

Action                     |  1- 3 |  4- 6 || total
---------------------------+-------+-------++-------
  Melee: Short sword       |     6 |    11 ||    17
    Use: Potion            |       |     1 ||     1
   Stab: Sleeping          |     1 |     1 ||     2
 Armour: Leather armour    |     3 |     9 ||    12
  Dodge: Dodged            |     1 |     5 ||     6

Table legend: (Time is in decaauts)
 A = Elapsed time spent in this place.
 B = Non-inter-level travel time spent in this place.
 C = Inter-level travel time spent in this place.
 D = Time resting spent in this place.
 E = Time spent auto-exploring this place.
 F = Levels seen in this place.
 G = Mean time per level.
                   A        B        C        D        E       F      G
               +--------+--------+--------+--------+--------+-----+--------+
         Total |    184 |    153 |     31 |     35 |     53 |   2 |   92.0 |
       Dungeon |    184 |    153 |     31 |     35 |     53 |   2 |   92.0 |
               +--------+--------+--------+--------+--------+-----+--------+

Top non-repeatable levels by time:
     D:5: 116 daAuts
     D:4: 68 daAuts
